 Dungeon Crawl Stone Soup version 0.21-a0-110-g8e1637b (webtiles) character file.

422 Lavandula the Bolt Thrower (level 6, 6/44 HPs)
             Began as a Mummy Arcane Marksman on July 7, 2017.
             Was an Initiate of Gozag.
             Quit the game on level 5 of the Dungeon.
             The game lasted 00:16:32 (2456 turns).

Lavandula the Bolt Thrower (Mummy Arcane Marksman)  Turns: 2456, Time: 00:16:32

Health: 6/44       AC:  8    Str: 13    XL:     6   Next: 63%
Magic:  17/17      EV: 12    Int: 13    God:    Gozag
Gold:   400        SH:  4    Dex: 14    Spells: 4/7 levels left

rFire    x . .     SeeInvis .   s - +0 quarterstaff
rCold    + . .     Gourm    .   (shield currently unavailable)
rNeg     + + +     Faith    .   b - +0 leather armour
rPois    ∞         Spirit   .   p - +1 helmet
rElec    .         Reflect  +   i - +2 cloak
rCorr    .         Harm     .   (no gloves)
MR       .....                  (no boots)
Stlth    +.........             t - +4 amulet of reflection
HPRegen  0.14/turn              j - ring of magical power
MPRegen  0.15/turn              (no ring)

@: no status effects
A: no food or potions, fire vulnerability, cold resistance 1, negative energy
resistance 3, torment resistance, unbreathing
a: Potion Petition, Call Merchant, Bribe Branch, Renounce Religion


You were on level 5 of the Dungeon.
You worshipped Gozag.
Gozag was aware of your devotion.
You were not hungry.

You visited 2 branches of the dungeon, and saw 6 of its levels.
You also visited: Sewer.

You collected 488 gold pieces.
You paid 88 gold pieces to Gozag.

Inventory:

Hand Weapons
 a - a +0 hand crossbow
 f - a +0 whip
 l - a +0 dagger
 s - a +0 quarterstaff (weapon)
Missiles
 d - 4 bolts
 m - a throwing net (quivered)
Armour
 b - a +0 leather armour (worn)
 e - a +0 robe
 i - a +2 cloak (worn)
 k - a +0 scale mail
 p - a +1 helmet (worn)
Jewellery
 j - a ring of magical power (left hand)
 t - a +4 amulet of reflection (around neck)
Wands
 n - a wand of confusion (4/48)
 v - a wand of confusion (23/48)
Scrolls
 g - a scroll of remove curse
 h - 4 scrolls of teleportation
 o - a scroll of random uselessness {unknown}
 q - a scroll of immolation {unknown}
 r - a scroll of noise {unknown}
 u - a scroll of enchant weapon {unknown}
Books
 c - a book of Debilitation

   Spells                             Type                      Level
   a - Corona                         Hexes                        1
   b - Slow                           Hexes                        2
   c - Inner Flame                    Hexes/Fire                   3
   d - Portal Projectile              Hexes/Translocation          3
   e - Cause Fear                     Hexes                        4
   f - Leda's Liquefaction            Hexes/Earth                  4


   Skills:
 - Level 2.0 Fighting
 - Level 2.1 Staves
 - Level 5.1 Crossbows
 + Level 1.5 Dodging
 - Level 1.3 Spellcasting
 - Level 2.6 Hexes


You had 4 spell levels left.
You knew the following spells:

 Your Spells              Type           Power        Failure   Level  Hunger
a - Corona                Hex            #......      12%         1    N/A
b - Slow                  Hex            #.......     17%         2    N/A

Dungeon Overview and Level Annotations

Branches:
Dungeon (5/15)             Temple (1/1) D:4

Altars:
Fedhas
Gozag
Okawaru
Ru
Uskayaw


Innate Abilities, Weirdness & Mutations

You do not eat or drink.
Your flesh is vulnerable to fire.
You are immune to poison.
Your flesh is cold resistant. (rC+)
You are immune to negative energy. (rN+++)
You are immune to unholy pain and torment.
You can survive without breathing.


Message History

Your magical contamination has completely faded away.
You completely miss the centaur.
The centaur is moderately wounded.
The centaur hits you but does no damage.
The centaur hits you!
* * * LOW HITPOINT WARNING * * *
Evoke which item? (* to show all) (? for menu, Esc to quit)
Aiming: Confuse
Press: ? - help, Shift-Dir - straight line, f - centaur
Aim: a centaur (moderately wounded, chance to defeat MR: 46%)
The centaur resists with some effort.
This wand has 5 charges left.
The centaur hits you.
* * * LOW HITPOINT WARNING * * *
Evoke which item? (* to show all) (? for menu, Esc to quit)
Aiming: Confuse
Press: ? - help, Shift-Dir - straight line, f/p - centaur
Aim: a centaur (moderately wounded, chance to defeat MR: 46%)
The centaur resists with some effort.
This wand has 4 charges left.
The centaur closely misses you. x2
Are you sure you want to abandon this character and quit the game? (Confirm with "yes".)

#.........# ##...### #
...#......###...##
#......##...###
#......#...##
###......### ###...##
## ###...##
#.###...### #.....@###
##.....c.(######
#..#......(....######.
##.#..........(.......
#..........###.......
#...######## #######
##..# #..# ##.#


You could see a centaur.

Vanquished Creatures
  A sky beast (D:5)
  A big kobold (Sewer)
  A hound (D:4)
  An orc wizard (D:4)
  2 worker ants
  Robin (D:2)
  5 adders
  2 worms
  A dart slug (D:3)
  2 leopard geckos (D:2)
  8 orcs
  A ball python (D:2)
  2 giant cockroaches
  9 hobgoblins
  6 jackals
  10 kobolds
  2 quokkas
  6 bats
  15 goblins
  A jackal skeleton (D:4)
  12 rats
89 creatures vanquished.

Notes
Turn   | Place    | Note
-------+----------+-------------------------------------------
     0 | D:1      | Lavandula the Mummy Arcane Marksman began the quest for the Orb.
     0 | D:1      | Reached XP level 1. HP: 15/15 MP: 2/2
   179 | D:1      | Reached skill level 2 in Crossbows
   225 | D:1      | Reached XP level 2. HP: 16/21 MP: 0/4
   368 | D:2      | Reached XP level 3. HP: 21/26 MP: 0/5
   424 | D:2      | Reached skill level 3 in Crossbows
   718 | D:3      | Noticed Robin
   747 | D:2      | Reached XP level 4. HP: 28/32 MP: 6/6
  1094 | D:2      | Killed Robin
  1420 | D:4      | Found a staircase to the Ecumenical Temple.
  1437 | Temple   | Entered the Ecumenical Temple
  1474 | Temple   | Became a worshipper of Gozag Ym Sagoz the Greedy
  1512 | D:4      | Reached skill level 4 in Crossbows
  1512 | D:4      | Reached XP level 5. HP: 33/38 MP: 7/7
  1671 | D:4      | Found a glowing drain.
  1687 | Sewer    | Entered a sewer
  1757 | Sewer    | Reached skill level 5 in Crossbows
  1757 | Sewer    | Reached XP level 6. HP: 42/44 MP: 8/8
  1782 | Sewer    | Found a white marble altar of Elyvilon.
  1880 | D:3      | Learned a level 2 spell: Slow
  2065 | D:4      | Reached skill level 1 in Staves
  2323 | D:5      | Entered Level 5 of the Dungeon
  2387 | D:5      | Noticed a sky beast
  2402 | D:5      | Killed a sky beast
  2456 | D:5      | Quit the game

Vault maps used:
D:1:      ncdulo_halloftheorcs
D:2:      cheibrodos_greedy_goblins, chequers_temple_overflow_minitemple,
          minmay_cupped
D:3:      kennysheep_generic_room_11, uniq_robin
D:4:      minmay_temple_entry_glass, first_bread, cheibrodos_sewer_entry_drain
D:5:      grunt_temple_overflow_order_and_chaos_1, yredelemnul_altar_generic,
          basic_altar
Temple:   minmay_temple_curvy_loop
Sewer:    sewer_kobolds

Skill      XL: |  1  2  3  4  5  6 |
---------------+-------------------+-----
Crossbows      | 2 3 4 5 |  5.1
Fighting       | 2 |  2.0
Staves         | 2 |  2.1
Dodging        | |  1.5
Spellcasting   | |  1.3
Hexes          | |  2.6

Action                   |  1- 3 |  4- 6 || total
-------------------------+-------+-------++-------
Melee: Whip              |    26 |    62 ||    88
       Quarterstaff      |       |    69 ||    69
 Fire: Hand crossbow     |    63 |    45 ||   108
 Cast: Corona            |    26 |    37 ||    63
       Slow              |       |     2 ||     2
Evoke: Wand              |       |     5 ||     5
  Use: Scroll            |     6 |     3 ||     9
Armor: Leather armour    |    33 |    77 ||   110
Dodge: Dodged            |    43 |   107 ||   150
Block: Other             |       |    11 ||    11
